 Dungeon Crawl Stone Soup version 0.30.0-29-ga12c61a403 (webtiles) character file.

Game seed: 5597593193047946170

53 qw the Chopper (level 3, 0/23 HPs)
             Began as a Gargoyle Fighter on June 5, 2023.
             Slain by Grinder (1 damage)
             ... on level 3 of the Dungeon.
             The game lasted 00:00:42 (1829 turns).

qw the Chopper (Gargoyle Fighter)                   Turns: 1829, Time: 00:00:42

Health: 0/23       AC: 11    Str: 21    XL:     3   Next: 89%
Magic:  3/3        EV:  9    Int:  8    God:
Gold:   168        SH:  4    Dex:  9    Spells: 2/2 levels left

rFire   . . .        Y - +0 war axe
rCold   . . .        c - +0 buckler
rNeg    + . .        b - +0 scale mail
rPois   inf          (no helmet)
rElec   +            (no cloak)
rCorr   .            (no gloves)
SInv    .            e - +0 pair of boots
Will    .....        (no amulet) Stlth
                     (no ring)
HPRegen 0.23/turn    (no ring)
MPRegen 0.08/turn

%: no passive effects
@: no status effects
A: sickness immunity, AC +3, negative energy resistance 1, electricity
resistance, torment resistance 1, petrification resistance
a: no special abilities


You were on level 3 of the Dungeon.
You visited 1 branch of the dungeon, and saw 3 of its levels.

You collected 168 gold pieces.


Innate Abilities, Weirdness & Mutations

You are immune to sickness and miasma.
Your stone body is resilient. (AC +3)
You are immune to poison.
You resist negative energy. (rN+)
You are resistant to electric shocks. (rElec)
You are resistant to unholy torment.
You are immune to petrification.


   Skills:
 - Level 3.2 Fighting
 + Level 3.7 Axes
 - Level 3.2 Armour
 - Level 3.2 Shields


You had 2 spell levels left.
You didn't know any spells.
Your spell library was empty.

Inventory:

Hand Weapons
 f - a +0 club
 Y - a +0 war axe (weapon)
Armour
 b - a +0 scale mail (worn)
 c - a +0 buckler (worn)
 e - a +0 pair of boots (worn)
Scrolls
 j - a scroll of identify
Potions
 a - a potion of curing
 d - a potion of might
 g - a potion of haste
 i - a potion of flight {unknown}
 l - a potion of lignification {unknown}

Dungeon Overview and Level Annotations

Branches:
Dungeon (3/15)

Altars:
Yredelemnul

Annotations:
D:3 Grinder


Message History

You climb downwards.
Found a long sword and a scroll labelled YTZYC LOOPNUH.
There is a stone staircase leading up here.
Waypoint 2 assigned to D:3.
Found a stone staircase leading down.
Grinder comes into view.
Found a war axe.
Grinder shouts!
A quokka comes into view.
1822 ||| Stepping ~*~*~tactically~*~*~ (hiding).
You see here a scroll labelled YTZYC LOOPNUH.
A rat comes into view.
Found a robe.
Grinder hits you.
You slash Grinder!
Grinder is moderately wounded.
Grinder hits you but does no damage.
The quokka bites you but does no damage.
You barely miss Grinder.
Grinder is moderately wounded.
You barely miss the quokka. Grinder gestures at you.
You resist with significant effort. The quokka closely misses you.
You closely miss Grinder.
Grinder is moderately wounded.
You hit the quokka.
The quokka bites you but does no damage.
Grinder hits you but does no damage. The quokka bites you. Grinder hits you!
You writhe in agony.
You slash Grinder!
Grinder is severely wounded.
You closely miss the quokka.
The quokka bites you but does no damage.
Grinder hits you.
You hit Grinder but do no damage.
Grinder is severely wounded.
You hit the quokka.
You kill the quokka!
Grinder hits you.
You writhe in agony.
You die...

.. #.........#
..# #.........#
..##.........#
.......)..<..#
#..........###
#..............
#..........####
#..?.......#
#.#@......##
#.5%.....##
..>.r...####
...........#
.............
..............
...........)...
........#.##.[#


You could see Grinder and a rat.

Vanquished Creatures
  An adder (D:2)
  A dart slug (D:1)
  4 ball pythons
  6 bats
  5 endoplasms
  A giant cockroach (D:2)
  2 goblins (D:1)
  3 hobgoblins
  7 jackals
  3 quokkas
  2 frilled lizards (D:1)
  A kobold (D:2)
  2 rats (D:1)
38 creatures vanquished.

Notes
Turn   | Place    | Note
-------+----------+-------------------------------------------
     0 | D:1      | qw the Gargoyle Fighter began the quest for the Orb.
     0 | D:1      | Reached XP level 1. HP: 14/14 MP: 1/1
     0 | D:1      | 0 ||| qw: Version: 0.2-a-108-gee2c290
     0 | D:1      | 0 ||| qw: Game counter: 1379
     0 | D:1      | 0 ||| qw: Always use a shield: true
     0 | D:1      | 0 ||| qw: God list: Okawaru
     0 | D:1      | 0 ||| qw: Allow faded altars: false
     0 | D:1      | 0 ||| qw: Do Orc after D:15 true
     0 | D:1      | 0 ||| qw: Do second Lair branch before Depths: true
     0 | D:1      | 0 ||| qw: Lair rune preference: random
     0 | D:1      | 0 ||| qw: Plans: Normal, Zot:1-4, Slime:5, God:TSO, Crypt,
                  | Tomb, Abyss, Pan, Hells, Win
     0 | D:1      | 0 ||| PLANNING D:1-11
   253 | D:1      | 253 ||| Stepping ~*~*~tactically~*~*~ (stealth).
   259 | D:1      | Reached XP level 2. HP: 17/19 MP: 2/2
   259 | D:1      | 259 ||| FLEEEEING.
   524 | D:1      | 524 ||| Stepping ~*~*~tactically~*~*~ (hiding).
   531 | D:1      | Reached skill level 3 in Axes
   838 | D:1      | Reached XP level 3. HP: 23/23 MP: 3/3
  1236 | D:1      | 1236 ||| UPGRADING to +0 pair of boots.
  1241 | D:1      | 1241 ||| READING scroll labelled ARCHICK PYNER.
  1242 | D:1      | 1242 ||| READING scroll labelled LOBYEQ HIUMY.
  1369 | D:2      | Found a basalt altar of Yredelemnul.
  1451 | D:2      | 1451 ||| Stepping ~*~*~tactically~*~*~ (stealth).
  1452 | D:2      | 1452 ||| Stepping ~*~*~tactically~*~*~ (stealth).
  1530 | D:2      | 1530 ||| Stepping ~*~*~tactically~*~*~ (stealth).
  1532 | D:2      | 1532 ||| Stepping ~*~*~tactically~*~*~ (stealth).
  1538 | D:2      | 1538 ||| Stepping ~*~*~tactically~*~*~ (stealth).
  1751 | D:2      | 1751 ||| READING 2 scrolls labelled ONKAES ANNAI.
  1752 | D:2      | 1752 ||| READING scroll labelled WOETUNWAOMU.
  1753 | D:2      | 1753 ||| DRINKING 2 grey potions.
  1754 | D:2      | 1754 ||| DRINKING 2 viscous puce potions.
  1755 | D:2      | 1755 ||| DROPPING scroll of fear.
  1821 | D:3      | Noticed Grinder
  1822 | D:3      | 1822 ||| Stepping ~*~*~tactically~*~*~ (hiding).
  1829 | D:3      | HP: 1/23 [Grinder (5)]
  1829 | D:3      | Slain by Grinder

Levels and vault maps discovered:
D:1:      amcnicky_arrival_feature_with_door, layout_basic, nrook_mini_vaults
D:2:      layout_basic, basic_altar, hangedman_abyss_or_decor_lesser_grid
D:3:      gammafunk_wand_slinger, layout_rooms, amcnicky_altar_gilded,
          overflow_temple_1_default, serial_curves, eino_curves_01,
          eino_curves_04, pf_guarded_unrand_meek, uniq_ijyb, uniq_grinder

Skill      XL: |  1  2 |
---------------+-------+-----
Axes           | 2 3 |  3.7
Fighting       | |  3.2
Armour         | |  3.2
Shields        | |  3.2

Action                     || total
---------------------------++-------
  Melee: War axe           ||   113
    Use: Scroll            ||     4
         Potion            ||     2
 Armour: Scale mail        ||    54
  Dodge: Dodged            ||    49
  Block: Buckler           ||    13

Table legend:
 A = Non-vault XP
 B = Vault XP
 C = Vault XP percentage of total XP
 D = Non-vault monster count
 E = Vault monster count
 F = Vault count percentage of total count
                 A         B        C        D         E       F
            +---------+---------+-------+---------+---------+-------
      Total |      79 |       0 |   0.0 |      38 |       0 |   0.0
            +---------+---------+-------+---------+---------+-------
        D:1 |      41 |       0 |   0.0 |      22 |       0 |   0.0
        D:2 |      36 |       0 |   0.0 |      15 |       0 |   0.0
        D:3 |       2 |       0 |   0.0 |       1 |       0 |   0.0
            +---------+---------+-------+---------+---------+-------
